 Dungeon Crawl Stone Soup version 0.28-a0-664-gc179e30c89 (webtiles) character file.

Game seed: 6540127229698683523

4 flotson the Sneak (level 1, -1/18 HPs)
             Began as a Demonspawn Delver on Oct 15, 2021.
             Slain by an orc (6 damage)
             ... on level 5 of the Dungeon.
             The game lasted 00:00:18 (64 turns).

flotson the Sneak (Demonspawn Delver)                 Turns: 64, Time: 00:00:19

Health: -1/18      AC:  3    Str: 12    XL:     1   Next: 50%
Magic:  1/1        EV: 11    Int: 11    God:
Gold:   0          SH:  0    Dex: 14    Spells: 0/0 levels left

rFire   . . .      SeeInvis .   a - +0 hand axe
rCold   . . .      Faith    .   (no shield)
rNeg    . . .      Spirit   .   b - +0 leather armour
rPois   .          Reflect  .   (no helmet)
rElec   .          Harm     .   (no cloak)
rCorr   .          Rampage  .   (no gloves)
Will    .....                   (no boots)
Stlth   ++........              (no amulet)
HPRegen 0.06/turn               (no ring)
MPRegen 0.07/turn               (no ring)

@: hasted, very quick
A: no striking features
a: no special abilities


You were on level 5 of the Dungeon.
You visited 1 branch of the dungeon, and saw 1 of its levels.

Inventory:

Hand Weapons
 a - a +0 hand axe (weapon)
Armour
 b - a +0 leather armour (worn)
Wands
 g - a wand of digging (3)
Scrolls
 c - a scroll of fog
 d - a scroll of magic mapping
 e - a scroll of fear
Potions
 h - a potion of curing {unknown}


   Skills:
 + Level 3.1 Fighting
 - Level 1.7 Axes
 + Level 0.3 Armour
 + Level 1.9 Dodging
 - Level 4.5 Stealth


You couldn't memorise any spells.
You didn't know any spells.
Your spell library was empty.

Dungeon Overview and Level Annotations

Branches:
Dungeon (5/15)
 Temple: D:4-7

Altars:


Message History

An orc comes into view. It is wielding a +0 short sword.
An orc comes into view. It is wielding a +0 dagger.
The orc shouts!
You hit the orc.
The orc is lightly wounded.
An orc comes into view. It is wielding a +0 war axe.
The orc hits you but does no damage. The orc hits you with a +0 flail.
There is an open door here.
You feel yourself speed up. The orc barely misses you.
You completely miss the orc. The orc hits you with a +0 flail.
You hit the orc.
The orc is severely wounded.
The orc hits you with a +0 flail.
You hit the orc but do no damage.
The orc is severely wounded.
You closely miss the orc.
The orc is severely wounded.
You hit the orc.
You kill the orc!
You closely miss the orc. The orc misses you.
You closely miss the orc. The orc hits you with a +0 short sword.
* * * LOW HITPOINT WARNING * * *
You hit the orc but do no damage. You closely miss the orc.
The orc closely misses you.
You hit the orc.
The orc is moderately wounded.
You hit the orc.
The orc is heavily wounded.
You hit the orc.
You kill the orc!
You hit the orc.
The orc is heavily wounded.
You closely miss the orc.
The orc is heavily wounded.
You hit the orc but do no damage.
The orc is heavily wounded.
You hit the orc but do no damage. The orc closely misses you.
The orc hits you with a +0 war axe.
You die...

..... ##########.....
.............#+####+####'
.............#......o.<..
.............+..?...o....
.............#...........
.............#...........
.............##o###...##.
.###'#####.....o@.# ..#
.#.......#........# ...
.#.......+........# ##.
.#.......#........#
.#.......#........#
.#########........# .#
#........+ .# #........#
.# #........#


You could see 2 orcs.

Vanquished Creatures
  2 orcs (D:5)
2 creatures vanquished.

Notes
Turn   | Place    | Note
-------+----------+-------------------------------------------
     0 | D:5      | flotson the Demonspawn Delver began the quest for the Orb.
     0 | D:5      | Reached XP level 1. HP: 18/18 MP: 1/1
    64 | D:5      | Slain by an orc

Illustrated notes

Levels and vault maps discovered:
D:5:      layout_gridville

Action                   || total
-------------------------++-------
Melee: Hand axe          ||    16
  Use: Potion            ||     1
Armor: Leather armour    ||     1
Dodge: Dodged            ||     4

Table legend: (Time is in decaauts)
 A = Elapsed time spent in this place.
 B = Non-inter-level travel time spent in this place.
 C = Inter-level travel time spent in this place.
 D = Time resting spent in this place.
 E = Time spent auto-exploring this place.
 F = Levels seen in this place.
 G = Mean time per level.
                   A        B        C        D        E       F      G
               +--------+--------+--------+--------+--------+-----+--------+
         Total |     61 |     61 |      0 |      0 |     39 |   1 |   61.0 |
       Dungeon |     61 |     61 |      0 |      0 |     39 |   1 |   61.0 |
               +--------+--------+--------+--------+--------+-----+--------+

Top non-repeatable levels by time:
     D:5: 61 daAuts
